 Dungeon Crawl Stone Soup version 0.28.0-43-g3370ac3207 (webtiles) character file.

Game seed: 14798218437842094685

71 pkoi the Conjurer (level 4, -1/24 HPs)
             Began as a Deep Elf Conjurer on Mar 7, 2022.
             Slain by a gnoll
             ... wielding a +0 vorpal halberd
              (14 damage)
             ... on level 2 of the Dungeon.
             The game lasted 00:01:49 (1953 turns).

pkoi the Conjurer (Deep Elf Conjurer)               Turns: 1953, Time: 00:01:50

Health: -1/24      AC:  2    Str:  4    XL:     4   Next: 5%
Magic:  4/12       EV: 12    Int: 25    God:
Gold:   59         SH:  0    Dex: 13    Spells: 5/11 levels left

rFire   . . .      SeeInvis .   d - +0 dagger (venom)
rCold   . . .      Faith    .   (no shield)
rNeg    . . .      Spirit   .   a - +0 robe
rPois   .          Reflect  .   (no helmet)
rElec   .          Harm     .   (no cloak)
rCorr   .          Rampage  .   (no gloves)
Will    .....                   (no boots)
Stlth   ++........              (no amulet)
HPRegen 0.08/turn               (no ring)
MPRegen 0.13/turn               (no ring)

@: no status effects
A: no striking features
a: no special abilities


You were on level 2 of the Dungeon.
You visited 1 branch of the dungeon, and saw 2 of its levels.

You collected 59 gold pieces.

Inventory:

Hand Weapons
 d - a +0 dagger of venom (weapon)
Armour
 a - a +0 robe (worn)
Jewellery
 e - an amulet of guardian spirit
Scrolls
 c - a scroll of enchant weapon {unknown}
 f - a scroll of fog {unknown}
 i - a scroll of holy word {unknown}
 j - a scroll of identify {unknown}
 k - a scroll of magic mapping {unknown}
 l - a scroll of teleportation {unknown}
Potions
 b - a potion of attraction {unknown}
 g - a potion of flight {unknown}
 h - 2 potions of heal wounds {unknown}


   Skills:
 - Level 2.4 Dodging
 - Level 2.4 Stealth
 + Level 4.1 Spellcasting
 * Level 5.6 Conjurations
 + Level 0.4 Hexes


You had 5 spell levels left.
You knew the following spells:

 Your Spells              Type           Power      Damage    Failure   Level
a - Magic Dart            Conj           100%       1d8       1%          1
b - Searing Ray           Conj           66%        2d6       1%          2
c - Dazzling Flash        Conj/Hex       40%        N/A       8%          3

Your spell library contained the following spells:

 Spells                   Type           Power      Damage    Failure   Level
 Gell's Gravitas          Tloc           5%         N/A       26%         3
 Teleport Other           Tloc           5%         N/A       26%         3
 Fulminant Prism          Conj/Hex       10%        3d9       26%         4
 Iskenderun's Mystic Bla  Conj/Tloc      19%        2d6       28%         4
 Dispersal                Tloc           2%         N/A       100%        6


Dungeon Overview and Level Annotations

Branches:
Dungeon (2/15)

Altars:


Message History

You start resting.
Magic restored.
You pick up a There-And-Back Book and begin reading...
You add the spells Gell's Gravitas, Teleport Other and Dispersal to your library.
Found a stone staircase leading down.
l - a scroll labelled NESAYNN RYITS You open the door.
There is an open door here.
There is a stone staircase leading down here.
A gnoll comes into view. It is wielding a +0 spear.
A gnoll is nearby!
A gnoll is nearby!
A gnoll is nearby!
The magic dart hits the gnoll.
The gnoll is lightly wounded.
The gnoll shouts!
You hear a shout!
A gnoll comes into view. It is wielding a +0 vorpal halberd.
The magic dart hits the gnoll but does no damage.
The gnoll is lightly wounded.
The gnoll shouts!
You hear a shout!
The magic dart hits the gnoll.
The gnoll is heavily wounded.
The magic dart hits the gnoll.
The gnoll is almost dead.
The magic dart hits the gnoll.
You kill the gnoll!
A gnoll comes into view. It is wielding a +0 flail.
You have reached level 4!
You feel clever.
The magic dart hits the gnoll.
The gnoll is lightly wounded.
The magic dart hits the gnoll.
The gnoll is heavily wounded.
The magic dart hits the gnoll but does no damage.
The gnoll is heavily wounded.
The gnoll hits you from afar with a +0 vorpal halberd!
* * * LOW HITPOINT WARNING * * *
x2 The gnoll hits you from afar with a +0 vorpal halberd!
Ouch! That really hurt!
You die...

...# ....# .>.#
... ##.# .). #.#
#.# #.# #g# #.#
#.# #.# #g# #.#
#.# #.# #@# #.#
#.# #.# #.# #.#
#.#
#.#############.#
#...............#
#################


You could see 2 gnolls.

Vanquished Creatures
  A gnoll (D:2)
  An adder (D:2)
  3 dart slugs
  6 ball pythons
  7 bats (D:1)
  6 endoplasms
  4 goblins
  5 hobgoblins
  A quokka (D:1)
  2 frilled lizards (D:1)
  6 kobolds
  3 rats
45 creatures vanquished.

Notes
Turn   | Place    | Note
-------+----------+-------------------------------------------
     0 | D:1      | pkoi the Deep Elf Conjurer began the quest for the Orb.
     0 | D:1      | Reached XP level 1. HP: 10/10 MP: 6/6
   253 | D:1      | Reached XP level 2. HP: 15/15 MP: 6/8
   558 | D:1      | Reached skill level 5 in Conjurations
   816 | D:1      | Reached XP level 3. HP: 19/19 MP: 8/10
  1563 | D:2      | Learned a level 2 spell: Searing Ray
  1667 | D:2      | Learned a level 3 spell: Dazzling Flash
  1948 | D:2      | Reached XP level 4. HP: 24/24 MP: 6/12
  1953 | D:2      | Slain by a gnoll

Illustrated notes

Levels and vault maps discovered:
D:1:      dpeg_arrival_rooms_with_view, layout_loops_ring,
          chequers_serial_rivers_large_a, chequers_serial_rivers_small_a,
          minmay_misc_feat_pillars
D:2:      layout_basic, ebering_ecumenical_altar_box

Skill      XL: |  1  2  3 |
---------------+----------+-----
Conjurations   | 5 |  5.6
Spellcasting   | 4 |  4.1
Dodging        | |  2.4
Stealth        | |  2.4
Hexes          | |  0.4

Action                   |  1- 3 |  4- 6 || total
-------------------------+-------+-------++-------
 Cast: Magic Dart        |    81 |     3 ||    84
Armor: Robe              |     2 |       ||     2
Dodge: Dodged            |     7 |       ||     7
